 Dungeon Crawl Stone Soup version 0.26-a0-710-g95a0c6c400 (webtiles) character file.

Game seed: 8911452824226210831

443 Glokmah the Ruffian (level 6, -4/51 HPs)
             Began as a Draconian Transmuter on Oct 30, 2020.
             Was an Initiate of Gozag.
             Killed by divine providence
             ... invoked by an orc priest
              (12 damage)
             ... on level 4 of the Dungeon.
             The game lasted 00:09:31 (3767 turns).

Glokmah the Ruffian (Draconian Transmuter)          Turns: 3767, Time: 00:09:33

Health: -4/51      AC:  2    Str: 14    XL:     6   Next: 71%
Magic:  4/9        EV: 21    Int: 14    God:    Gozag
Gold:   289        SH:  0    Dex: 16    Spells: 3/9 levels left

rFire    . . .     SeeInvis .     - Unarmed
rCold    . . .     Faith    .   (shield currently unavailable)
rNeg     . . .     Spirit   .   (armour unavailable)
rPois    .         Reflect  .   (helmet currently unavailable)
rElec    .         Harm     .   (cloak currently unavailable)
rCorr    .         Rampage  .   (gloves currently unavailable)
MR       +....                  (boots currently unavailable)
Stlth    +.........             (no amulet)
HPRegen  0.17/turn              f - ring of poison resistance
MPRegen  0.11/turn              a - ring of protection from magic

@: spider-form, wereblooded, gold aura
A: tiny, unfitting armour, AC +6
a: End Transformation, Potion Petition, Call Merchant, Bribe Branch, Renounce
Religion


You were on level 4 of the Dungeon.
You worshipped Gozag.
Gozag was aware of your devotion.
You were a venomous arachnid creature.
You visited 1 branch of the dungeon, and saw 4 of its levels.

You collected 311 gold pieces.
You paid 22 gold pieces to Gozag.

Inventory:

Missiles
 b - 77 stones (quivered)
 j - 2 throwing nets
 r - 6 boomerangs
Armour
 l - a +0 pair of boots (melded)
Jewellery
 a - a ring of protection from magic (right front leg)
 f - a ring of poison resistance (left front leg)
 m - an uncursed ring of stealth
Scrolls
 d - 2 scrolls of fear
 i - 3 scrolls of teleportation
 s - a scroll of fog
Potions
 c - a potion of resistance
 e - a potion of magic
 g - a potion of lignification {unknown}
 h - a potion of degeneration {unknown}
 k - 3 potions of flight {unknown}
 n - a potion of mutation {unknown}
 o - a potion of might {unknown}
 p - 2 potions of berserk rage {unknown}
 q - a potion of haste {unknown}


   Skills:
 + Level 3.1 Fighting
 + Level 3.0 Dodging
 * Level 5.0 Unarmed Combat
 - Level 2.0 Spellcasting
 * Level 4.4 Transmutations


You had 3 spell levels left.
You knew the following spells:

 Your Spells              Type           Power        Failure   Level
a - Beastly Appendage     Tmut           ##....       12%         1
b - Wereblood             Tmut           ##......     17%         2
c - Spider Form           Tmut/Pois      #.........   50%         3

Your spell library contained the following spells:

 Spells                   Type           Power        Failure   Level
 Ice Form                 Ice/Tmut       #.......     85%         4
 Blade Hands              Tmut           ##........   87%         5


Dungeon Overview and Level Annotations

Branches:
Dungeon (4/15)
 Temple: D:4-7

Altars:
Gozag
Kikubaaqudgha


Innate Abilities, Weirdness & Mutations

((Your plain brown scales are hard. (AC +6)))
You cannot fit into any form of body armour.
((You are cold-blooded and may be slowed by cold attacks.))


Message History

You hit the orc.
The orc is poisoned.
The orc is lightly wounded.
The orc closely misses you.
You hit the orc.
You kill the orc!
You hiss as the wereblood boils in your veins!
The orc priest mumbles some strange prayers to Beogh against you.
Beogh smites you!
You hit the orc priest.
The orc priest is poisoned.
The orc priest is lightly wounded.
The orc priest mumbles some strange prayers to Beogh against you.
Pain shoots through your body!
* * * LOW HITPOINT WARNING * * *
You hit the orc priest but do no damage.
The orc priest looks even sicker.
The orc priest is lightly wounded.
The orc priest invokes the aid of Beogh against you.
Beogh smites you!
You die...
Your body crumbles into a pile of gold.

# #.###.###).........# #
#.......))......... #
#####.####......... #
#.# #......... #.#
#..##..#..# #.# #..##.##
.# #.# #..##.##..# ###.#
#.........# # ##.#.#
##...s$..##
####.)).########o#...# $
'...))..........o......+
$
#.#####.########.#...#.#
#.# #.# .....## # #.#
#.# ... ## #.# #.# ....
#.#####.# .....
#.......#


You could see 2 orc priests.

Vanquished Creatures
  An ogre (D:4)
  Blork the orc (D:4)
  A scorpion (D:4)
  An orc priest (D:4)
  2 worker ants (D:4)
  4 gnolls (D:4)
  4 adders
  2 dart slugs
  5 leopard geckos
  5 orcs (D:4)
  4 bats
  3 giant cockroaches
  7 goblins
  7 hobgoblins
  4 jackals (D:2)
  16 kobolds
  A ball python (D:1)
  7 frilled lizards
  2 rats
77 creatures vanquished.

Notes
Turn   | Place    | Note
-------+----------+-------------------------------------------
     0 | D:1      | Glokmah the Draconian Transmuter began the quest for the
                  | Orb.
     0 | D:1      | Reached XP level 1. HP: 16/16 MP: 3/3
    57 | D:1      | Reached XP level 2. HP: 18/23 MP: 3/5
   618 | D:1      | Reached XP level 3. HP: 12/28 MP: 4/6
   871 | D:1      | Learned a level 2 spell: Wereblood
  1732 | D:2      | Reached XP level 4. HP: 34/36 MP: 5/7
  1854 | D:2      | Found an opulent altar of Gozag.
  2177 | D:2      | Became a worshipper of Gozag Ym Sagoz the Greedy
  2511 | D:3      | Reached skill level 4 in Unarmed Combat
  2631 | D:3      | Found an ancient bone altar of Kikubaaqudgha.
  2917 | D:4      | Reached XP level 5. HP: 39/42 MP: 6/8
  2974 | D:4      | Noticed Blork the orc
  2990 | D:4      | Killed Blork the orc
  2990 | D:4      | Reached XP level 6. HP: 15/50 MP: 7/9
  3482 | D:4      | Reached skill level 5 in Unarmed Combat
  3760 | D:4      | Learned a level 3 spell: Spider Form
  3767 | D:4      | Killed from afar by an orc priest

Illustrated notes

Levels and vault maps discovered:
D:1:      lemuel_arrival_river_ford, layout_rooms, hangedman_decor_opposing
D:2:      layout_loops_ring, lemuel_crystal_altar
D:3:      layout_basic, kiku_gazebo_pond_becter
D:4:      layout_loops_corners, eino_tiny_chamber, minivault_1, uniq_menkaure,
          uniq_blork_the_orc

Skill      XL: |  1  2  3  4  5  6 |
---------------+-------------------+-----
Dodging        | 2 3 |  3.0
Transmutations | 3 4 |  4.4
Fighting       | 2 3 |  3.1
Unarmed Combat | 4 5 |  5.0
Spellcasting   | |  2.0

Action                   |  1- 3 |  4- 6 || total
-------------------------+-------+-------++-------
Melee: Unarmed           |   145 |   117 ||   262
       Kick              |    18 |    20 ||    38
       Headbutt          |     9 |    13 ||    22
       Tailslap          |    14 |     5 ||    19
       Punch             |     1 |       ||     1
Throw: Stone             |       |     1 ||     1
 Cast: Beastly Appendage |    20 |    16 ||    36
       Wereblood         |     4 |     5 ||     9
       Spider Form       |       |     1 ||     1
  Use: Scroll            |       |     8 ||     8
 Stab: Sleeping          |     1 |     2 ||     3
Armor: Skin              |    43 |    27 ||    70
Dodge: Dodged            |    94 |    86 ||   180

Table legend: (Time is in decaauts)
 A = Elapsed time spent in this place.
 B = Non-inter-level travel time spent in this place.
 C = Inter-level travel time spent in this place.
 D = Time resting spent in this place.
 E = Time spent auto-exploring this place.
 F = Levels seen in this place.
 G = Mean time per level.
                   A        B        C        D        E       F      G
               +--------+--------+--------+--------+--------+-----+--------+
         Total |   3756 |   3528 |    228 |    885 |   1809 |   4 |  939.0 |
       Dungeon |   3756 |   3528 |    228 |    885 |   1809 |   4 |  939.0 |
               +--------+--------+--------+--------+--------+-----+--------+

Top non-repeatable levels by time:
     D:1: 1175 daAuts
     D:2: 1144 daAuts
     D:4: 879 daAuts
     D:3: 556 daAuts
